 Dungeon Crawl Stone Soup version 0.17.0-26-gececa24 (console) character file.

147 gw the Insei (level 5, -2/28 HPs)
             Began as a Vine Stalker Monk on Nov 20, 2015.
             Was a Believer of Okawaru.
             Slain by an orc warrior
             ... wielding a +0 mace
              (9 damage)
             ... on level 4 of the Dungeon.
             The game lasted 00:01:32 (1843 turns).

gw the Insei (Vine Stalker Monk)                    Turns: 1843, Time: 00:01:32

Health: -2/28      AC:  4    Str: 13    XL:     5   Next: 29%
Magic:  0/7        EV: 17    Int: 10    God:    Okawaru [**....]
Gold:   59         SH:  0    Dex: 18    Spells: 0 memorised, 4 levels left

rFire  . . .     SeeInvis +       - Unarmed
rCold  . . .     Clarity  .     n - +0 leather armour
rNeg   . . .     SustAt   .     (no shield)
rPois  .         Gourm    .     (no helmet)
rElec  .         Spirit   +     (no cloak)
rCorr  .         Warding  .     e - +0 pair of gloves (curse)
rMut   .         Stasis   .     (no boots)
MR     .....                    (no amulet)
Stlth  ++++......               (no ring)
                                k - ring of see invisible

@: heroism, not resistant to hostile enchantments, stealthy
A: fangs 2, regeneration 1, magic shield, antimagic bite, no device heal 3, rot
immunity
a: Heroism, Renounce Religion


You were on level 4 of the Dungeon.
You worshipped Okawaru.
Okawaru was pleased with you.
You were not hungry.

You visited 1 branch of the dungeon, and saw 3 of its levels.

You collected 59 gold pieces.

Inventory:

Missiles
 h - 21 poisoned needles
 i - 55 stones (quivered)
Armour
 e - a cursed +0 pair of gloves (worn)
 n - a +0 leather armour (worn)
Jewellery
 k - a ring of see invisible (left hand)
Wands
 m - a wand of teleportation (0)
Scrolls
 a - a scroll of blinking {unknown}
 d - 2 scrolls of identify
 l - a scroll of amnesia {unknown}
 q - a scroll of fear {unknown}
Potions
 g - 2 potions of degeneration {unknown}
 j - a potion of magic {unknown}
 o - a potion of heal wounds {unknown}
Comestibles
 b - 2 bread rations
 c - 2 slices of pizza
 f - 4 meat rations


   Skills:
 + Level 3.2(8.2) Fighting
 + Level 1.4(6.4) Throwing
 + Level 3.0(8.0) Dodging
 - Level 2.4(7.4) Stealth
 * Level 5.0(10.0) Unarmed Combat
 + Level 1.4 Invocations


You had 4 spell levels left.
You didn't know any spells.

Dungeon Overview and Level Annotations

Branches:
Dungeon (4/15)
 Temple: D:4-7

Altars:
Okawaru

Shops:
D:4 ?


Innate Abilities, Weirdness & Mutations

You have extremely sharp teeth.
Your natural rate of healing is unusually fast.
When hurt, damage is shared between your health and your magic reserves.
Your bite disrupts and absorbs the magic of your enemies.
Potions and wands cannot restore your health.
You are immune to rotting.


Message History

Evoke which item? (* to show all) (? for menu, Esc to quit)
Zapping:
m - a wand of teleportation {zapped: 3} (will waste charges)
Press: ? - help, Shift-Dir - straight line, f - you Nothing appears to happen.
The orc warrior shouts!
ATTACK MOVE TO (1,1) ATTACK MOVE TO (1,1)
Found 4 large rocks.
ATTACK MOVE TO (1,1)
The orc warrior zaps a wand.
The bolt of cold hits you!
Found a meat ration, a scroll of identify and 6 gold pieces.
You gain the combat prowess of a mighty hero.
You feel slightly more hungry.
ATTACK MOVE TO (0,1)
You closely miss the orc warrior. The orc warrior hits you with a mace!
ATTACK MOVE TO (0,1)
You hit the orc warrior.
The orc warrior is moderately wounded.
The orc warrior hits you with a mace!
You die...

#......# #.##....#
#..##.. ########
#.#.....# #..####
#.#....## #..#
#.#....# #..####
..#..### #......
..#.########+#
#..####
..#........... #..#
#..........% #..#
#..(f....... .#..#
####o########.#..####
... ###..#..##..
..... #....#..##..
.......##....#..##.>
#.......#.....#..##..
#......(#....##..##..
##$...?##....##..##.\
#..####.>##..


You could see an orc warrior.

Table legend:
 A = Turns spent in this place as a percentage of turns spent in the entire game.
 B = Non-inter-level travel turns spent in this place as a percentage of non-inter-level travel turns spent in the entire game.
 C = Inter-level travel turns spent in this place as a percentage of turns spent in this place.
 D = Turns resting spent in this place as a percentage of non-inter-level travel turns spent in this place.
 E = Turns spent auto-exploring this place as a percentage of non-inter-level travel turns spent in this place.
 F = Non-inter-level travel turns spent in this place divided by the number of levels of this place that you've seen.
                   A       B       C       D       E      F
               +-------+-------+-------+-------+-------+----------------------
         Total | 100.0 | 100.0 |   0.2 |   0.9 |   2.4 | 1132.7
       Dungeon | 100.0 | 100.0 |   0.2 |   0.9 |   2.4 | 1132.7
               +-------+-------+-------+-------+-------+----------------------

Table legend:
 A = Kills in this place as a percentage of kills in entire the game.
 B = Kills by you in this place as a percentage of kills by you in the entire game.
 C = Kills by friends in this place as a percentage of kills by friends in the entire game.
 D = Other kills in this place as a percentage of other kills in the entire game.
 E = Experience gained in this place as a percentage of experience gained in the entire game.
 F = Experience gained in this place divided by the number of levels of this place that you have seen.
                   A       B       C       D       E      F
               +-------+-------+-------+-------+-------+----------------------
         Total | 100.0 | 100.0 |  -nan |  -nan | 100.0 |  70.3
       Dungeon | 100.0 | 100.0 |  -nan |  -nan | 100.0 |  70.3
               +-------+-------+-------+-------+-------+----------------------

Vanquished Creatures
  An orc wizard (D:4)
  An orc priest (D:4)
  A worker ant (D:4)
  3 adders
  A giant gecko (D:1)
  5 orcs (D:4)
  3 giant cockroaches
  2 hobgoblins (D:1)
  7 kobolds
  2 ball pythons (D:1)
  4 bats (D:1)
  A giant newt (D:1)
  2 goblins
  2 rats (D:1)
35 creatures vanquished.

Notes
Turn   | Place    | Note
--------------------------------------------------------------
     0 | D:1      | gw the Vine Stalker Monk began the quest for the Orb.
     0 | D:1      | Reached XP level 1. HP: 11/11 MP: 2/2
    53 | D:1      | Reached XP level 2. HP: 16/16 MP: 3/3
   704 | D:2      | Reached XP level 3. HP: 15/20 MP: 2/4
   733 | D:2      | Found an iron altar of Okawaru.
   741 | D:2      | Became a worshipper of Warmaster Okawaru
   741 | D:2      | Reached * piety under Okawaru
   741 | D:2      | Reached ** piety under Okawaru
   802 | D:2      | You fall through a shaft for 2 floors!
   827 | D:4      | Reached skill level 1 in Throwing
   827 | D:4      | Reached skill level 1 in Invocations
   827 | D:4      | Reached XP level 4. HP: 24/24 MP: 5/5
  1079 | D:4      | Found Ment's Magic Scroll Emporium.
  1265 | D:4      | Reached XP level 5. HP: 28/28 MP: 6/6
  1349 | D:4      | Noticed an orc warrior
  1595 | D:4      | Reached skill level 5 in Unarmed Combat
  1843 | D:4      | Slain by an orc warrior

Action                   |  1- 3 |  4- 6 || total
-------------------------+-------+-------++-------
Melee: Unarmed           |    79 |    41 ||   120
Throw: Stone             |     5 |     9 ||    14
Invok: Heroism           |       |     3 ||     3
Evoke: Wand              |       |     1 ||     1
  Use: Scroll            |     2 |     1 ||     3
       Potion            |     1 |       ||     1
 Stab: Sleeping          |     7 |     3 ||    10
       Distracted        |     1 |       ||     1
  Eat: Chunk             |       |     1 ||     1
       Bread ration      |       |     1 ||     1

Vault maps used:
D:1:      minmay_arrival_radiant_lines
D:2:      old_standard_altar, serial_glass, glass_columns_b, glass_columns_c,
          glass_columns_a, glass_columns_c, item_on_display_a,
          okawaru_metal_pillars_1_2
D:4:      minmay_opposing_rooms, serial_shops, shop, first_bread
